[ AOE2 MATCH · #498673053 ]
UnrankedWei vs Vietnamese
[ REPLAY ANALYSIS · EXTRACTED FROM THE RECORDED GAME ]
Feudal
12:55
Castle
21:27
Imperial
39:36
| APM avg | 45.3 |
| APM peak | 85 |
| eAPM avg | 28.3 |
| Villagers / military | 179 / 9 |
Focus
⚔️ 31.5% · 🌾 68.5%
Unknown (1949) ×99 · Fishing Ship ×13 · Unknown (1942) ×11 · Fire Galley ×7 · Unknown (2626) ×2 · Petard ×1
Feudal
13:41
Castle
17:37
Imperial
—
| APM avg | 32.0 |
| APM peak | 65 |
| eAPM avg | 18.4 |
| Villagers / military | 132 / 33 |
Focus
⚔️ 29.1% · 🌾 70.9%
Rattan Archer ×26 · Fishing Ship ×17 · Petard ×4 · Fire Lancer ×2 · Monk ×1
Feudal
13:17
Castle
16:51
Imperial
36:02
| APM avg | 59.5 |
| APM peak | 123 |
| eAPM avg | 34.6 |
| Villagers / military | 129 / 109 |
Focus
⚔️ 53.5% · 🌾 46.5%
Monk ×51 · Hussite Wagon ×50 · Fishing Ship ×10 · Trebuchet (Packed) ×6 · Battering Ram ×1 · Bombard Cannon ×1
Feudal
12:57
Castle
17:22
Imperial
—
| APM avg | 23.3 |
| APM peak | 79 |
| eAPM avg | 13.6 |
| Villagers / military | 45 / 14 |
Focus
⚔️ 33.0% · 🌾 67.0%
Mameluke ×11 · Fishing Ship ×6 · Mangonel ×3
Feudal
13:47
Castle
20:40
Imperial
42:20
| APM avg | 48.0 |
| APM peak | 99 |
| eAPM avg | 26.6 |
| Villagers / military | 159 / 214 |
Focus
⚔️ 38.7% · 🌾 61.3%
Scout Cavalry ×100 · Knight ×57 · Hand Cannoneer ×57 · Fishing Ship ×13
Feudal
12:37
Castle
16:48
Imperial
42:07
| APM avg | 34.6 |
| APM peak | 64 |
| eAPM avg | 22.4 |
| Villagers / military | 144 / 91 |
Focus
⚔️ 26.0% · 🌾 74.0%
Urumi Swordsman ×43 · Militia ×22 · Spearman ×14 · Fishing Ship ×12 · Armored Elephant ×8 · Trebuchet (Packed) ×3
Feudal
14:22
Castle
18:57
Imperial
37:02
| APM avg | 48.0 |
| APM peak | 83 |
| eAPM avg | 26.9 |
| Villagers / military | 151 / 163 |
Focus
⚔️ 31.4% · 🌾 68.6%
Knight ×93 · Scout Cavalry ×43 · Galley ×22 · Unknown (2626) ×8 · Fishing Ship ×7 · Trebuchet (Packed) ×3
Feudal
13:30
Castle
17:11
Imperial
43:19
| APM avg | 30.8 |
| APM peak | 86 |
| eAPM avg | 22.3 |
| Villagers / military | 139 / 133 |
Focus
⚔️ 41.3% · 🌾 58.7%
Spearman ×91 · Unknown (2626) ×15 · Battering Ram ×13 · Militia ×12 · Fishing Ship ×12 · Fire Galley ×8
Match map
Initial resources + every placement click. Lines = walls · curves = elevation contours. ◆ gold · ⬟ stone · ● berries · ✦ relic · ◌ wall gap
Your base· Open — 6t gap
TGT | Diegote22's base· Open — 6t gap
|FMG| TINCHO's base· Open — unwalled flank
TGT | Sera's base· Open — 6t gap
TGT | Trosqui's base· Open — unwalled flank
|FMG| Nadie's base· Open — 12t gap
PSX | Renzos's base· Open — 15t gap
|FMG| twitch/JabsUY's base· Open — unwalled flank
Smoothed initial terrain · ◌ = detected wall gap · hover for details
Inputs per minute
— FMG | Camilo - - TGT | Diegote22
Build order — FMG | Camilo
First 150 of 495 actions detected
| 0:23 | Build | Town Center |
| 0:53 | Build | Dock |
| 0:58 | Build | Dock |
| 2:52 | Create | Villager (Male) |
| 2:52 | Create | Villager (Male) |
| 2:52 | Create | Villager (Male) |
| 2:52 | Create | Villager (Male) |
| 3:52 | Build | House |
| 4:02 | Create | Fishing Ship |
| 4:10 | Build | House |
| 4:19 | Create | Villager (Male) |
| 4:30 | Build | House |
| 4:59 | Create | Villager (Male) |
| 4:59 | Create | Villager (Male) |
| 5:15 | Create | Villager (Male) |
| 5:52 | Create | Villager (Male) |
| 6:05 | Create | Villager (Male) |
| 6:05 | Create | Villager (Male) |
| 6:08 | Create | Fishing Ship |
| 6:48 | Create | Villager (Male) |
| 6:59 | Build | House |
| 7:02 | Create | Villager (Male) |
| 7:42 | Create | Villager (Male) |
| 7:44 | Create | Fishing Ship |
| 7:48 | Build | House |
| 8:09 | Create | Villager (Male) |
| 8:23 | Create | Fishing Ship |
| 8:26 | Create | Villager (Male) |
| 8:53 | Create | Villager (Male) |
| 9:28 | Create | Villager (Male) |
| 9:40 | Build | Mill |
| 9:44 | Create | Villager (Male) |
| 9:49 | Create | Fishing Ship |
| 9:51 | Build | House |
| 10:15 | Research | Loom |
| 10:17 | Create | Villager (Male) |
| 10:20 | Research | Loom |
| 10:43 | Research | Feudal Age |
| 10:56 | Build | Mining Camp |
| 11:05 | Build | Dock |
| 11:23 | Build | Lumber Camp |
| 12:47 | Create | Villager (Male) |
| 12:55 | Age | Feudal Age |
| 12:57 | Create | Fire Galley |
| 12:57 | Create | Fire Galley |
| 12:58 | Research | Double-Bit Axe |
| 13:08 | Research | Tech 906 |
| 13:17 | Create | Villager (Male) |
| 13:30 | Build | House |
| 13:31 | Build | House |
| 13:36 | Create | Unit 2626 |
| 13:36 | Create | Unit 2626 |
| 13:46 | Create | Villager (Male) |
| 14:09 | Create | Villager (Male) |
| 14:10 | Create | Fire Galley |
| 14:11 | Create | Fire Galley |
| 14:19 | Research | Gold Mining |
| 14:37 | Create | Villager (Male) |
| 15:01 | Build | Mill |
| 15:02 | Create | Villager (Male) |
| 15:12 | Create | Fire Galley |
| 15:12 | Create | Fire Galley |
| 15:26 | Create | Fishing Ship |
| 15:26 | Create | Fishing Ship |
| 15:42 | Create | Villager (Male) |
| 15:46 | Build | Market |
| 15:50 | Build | Market |
| 15:55 | Build | Blacksmith |
| 16:10 | Create | Villager (Male) |
| 16:15 | Build | House |
| 16:25 | Create | Fishing Ship |
| 16:49 | Create | Villager (Male) |
| 17:06 | Research | Horse Collar |
| 17:18 | Create | Villager (Male) |
| 17:22 | Build | Farm |
| 17:23 | Build | Farm |
| 17:50 | Build | Town Center |
| 18:00 | Create | Fishing Ship |
| 18:06 | Build | House |
| 18:47 | Research | Castle Age |
| 19:13 | Build | House |
| 19:14 | Create | Fishing Ship |
| 19:16 | Create | Fishing Ship |
| 19:42 | Build | Mining Camp |
| 19:46 | Research | Stone Mining |
| 19:47 | Create | Villager (Male) |
| 20:04 | Build | House |
| 20:07 | Create | Fishing Ship |
| 20:09 | Create | Fishing Ship |
| 20:10 | Create | Villager (Male) |
| 20:47 | Build | House |
| 21:07 | Create | Fire Galley |
| 21:27 | Age | Castle Age |
| 21:29 | Research | Bow Saw |
| 21:31 | Research | War Galley (upgrade) |
| 21:35 | Research | Stone Shaft Mining |
| 21:38 | Research | Gold Shaft Mining |
| 21:50 | Create | Villager (Male) |
| 21:58 | Build | Farm |
| 21:59 | Build | Farm |
| 22:02 | Build | Farm |
| 22:14 | Create | Villager (Male) |
| 22:18 | Research | Gillnets |
| 22:21 | Build | Farm |
| 22:23 | Create | Villager (Male) |
| 22:31 | Build | Farm |
| 22:48 | Create | Villager (Male) |
| 23:05 | Build | Farm |
| 23:15 | Build | Castle |
| 23:35 | Create | Villager (Male) |
| 23:38 | Research | Scale Barding Armor |
| 23:51 | Build | Town Center |
| 23:55 | Build | Town Center |
| 23:59 | Create | Villager (Male) |
| 24:02 | Build | Lumber Camp |
| 24:07 | Create | Villager (Male) |
| 24:12 | Build | Farm |
| 24:13 | Build | Farm |
| 24:29 | Create | Unit 1949 |
| 24:29 | Create | Unit 1949 |
| 24:31 | Research | Chain Barding Armor |
| 24:34 | Research | Forging |
| 24:45 | Build | Mill |
| 24:54 | Create | Villager (Male) |
| 25:04 | Create | Unit 1949 |
| 25:07 | Create | Unit 1949 |
| 25:14 | Research | Chain Barding Armor |
| 25:20 | Create | Villager (Male) |
| 25:23 | Build | Farm |
| 25:26 | Build | Farm |
| 25:30 | Create | Unit 1949 |
| 25:34 | Create | Villager (Male) |
| 25:38 | Build | Farm |
| 25:41 | Build | Farm |
| 25:44 | Build | Farm |
| 25:46 | Create | Villager (Male) |
| 25:47 | Research | Wheelbarrow |
| 26:04 | Create | Villager (Male) |
| 26:06 | Build | Farm |
| 26:12 | Build | Farm |
| 26:17 | Create | Villager (Male) |
| 26:21 | Build | House |
| 26:27 | Create | Villager (Male) |
| 26:30 | Create | Unit 1949 |
| 26:31 | Create | Unit 1949 |
| 26:38 | Build | Barracks |
| 26:41 | Create | Villager (Male) |
| 26:53 | Build | Town Center |
| 26:56 | Create | Unit 1949 |
| 27:10 | Create | Unit 1949 |
Build order — TGT | Diegote22
First 150 of 275 actions detected
| 0:16 | Build | Town Center |
| 0:56 | Build | Dock |
| 1:01 | Build | House |
| 2:37 | Create | Villager (Male) |
| 2:37 | Create | Villager (Male) |
| 2:38 | Create | Villager (Male) |
| 2:38 | Create | Villager (Male) |
| 4:02 | Create | Fishing Ship |
| 4:05 | Create | Villager (Male) |
| 4:06 | Create | Villager (Male) |
| 4:28 | Build | House |
| 4:40 | Create | Villager (Male) |
| 5:02 | Create | Villager (Male) |
| 5:02 | Create | Villager (Male) |
| 5:28 | Create | Villager (Male) |
| 5:49 | Create | Fishing Ship |
| 6:04 | Create | Villager (Male) |
| 6:12 | Research | Loom |
| 6:16 | Create | Villager (Male) |
| 6:25 | Build | House |
| 6:32 | Create | Fishing Ship |
| 6:34 | Research | Loom |
| 6:51 | Build | House |
| 6:56 | Create | Villager (Male) |
| 7:15 | Create | Villager (Male) |
| 7:20 | Build | Palisade Wall |
| 7:40 | Create | Villager (Male) |
| 7:48 | Create | Fishing Ship |
| 8:09 | Create | Villager (Male) |
| 8:14 | Build | House |
| 8:32 | Create | Fishing Ship |
| 8:33 | Create | Villager (Male) |
| 8:40 | Build | Palisade Wall |
| 8:42 | Create | Villager (Male) |
| 8:54 | Create | Villager (Male) |
| 9:01 | Create | Villager (Male) |
| 9:10 | Build | House |
| 9:20 | Build | House |
| 9:33 | Build | Dock |
| 9:38 | Build | House |
| 9:45 | Create | Fishing Ship |
| 9:46 | Create | Villager (Male) |
| 9:51 | Build | House |
| 9:54 | Build | House |
| 10:15 | Create | Villager (Male) |
| 10:33 | Build | House |
| 10:40 | Create | Fishing Ship |
| 10:44 | Build | House |
| 10:45 | Create | Fishing Ship |
| 10:51 | Build | Mining Camp |
| 10:58 | Research | Loom |
| 11:13 | Build | Mining Camp |
| 11:28 | Research | Feudal Age |
| 11:50 | Build | Mill |
| 12:20 | Create | Fishing Ship |
| 12:44 | Create | Fishing Ship |
| 13:01 | Create | Villager (Male) |
| 13:03 | Create | Villager (Male) |
| 13:41 | Age | Feudal Age |
| 13:43 | Build | Blacksmith |
| 13:49 | Build | Market |
| 13:50 | Research | Town Watch |
| 14:26 | Build | Outpost |
| 14:35 | Build | Watch Tower |
| 14:57 | Research | Castle Age |
| 15:34 | Build | House |
| 15:36 | Build | Palisade Wall |
| 15:50 | Research | Fletching |
| 15:58 | Build | Lumber Camp |
| 16:16 | Build | House |
| 16:27 | Research | Double-Bit Axe |
| 17:31 | Create | Villager (Male) |
| 17:37 | Age | Castle Age |
| 17:46 | Build | Castle |
| 17:49 | Create | Villager (Male) |
| 18:01 | Research | Bodkin Arrow |
| 18:24 | Create | Villager (Male) |
| 18:25 | Create | Villager (Male) |
| 18:39 | Create | Villager (Male) |
| 18:54 | Create | Rattan Archer |
| 18:54 | Create | Rattan Archer |
| 19:29 | Create | Rattan Archer |
| 19:30 | Create | Villager (Male) |
| 19:38 | Create | Villager (Male) |
| 19:47 | Build | Dock |
| 19:58 | Create | Rattan Archer |
| 20:00 | Create | Villager (Male) |
| 20:13 | Build | Mill |
| 20:21 | Create | Rattan Archer |
| 20:33 | Create | Rattan Archer |
| 20:39 | Build | House |
| 20:41 | Create | Villager (Male) |
| 20:48 | Create | Villager (Male) |
| 21:03 | Create | Rattan Archer |
| 21:05 | Create | Villager (Male) |
| 21:09 | Create | Villager (Male) |
| 21:20 | Create | Rattan Archer |
| 21:21 | Create | Villager (Male) |
| 21:22 | Create | Villager (Male) |
| 21:27 | Create | Villager (Male) |
| 21:27 | Create | Villager (Male) |
| 21:28 | Create | Villager (Male) |
| 21:30 | Create | Rattan Archer |
| 21:40 | Create | Villager (Male) |
| 21:46 | Create | Rattan Archer |
| 21:47 | Create | Villager (Male) |
| 21:47 | Create | Villager (Male) |
| 21:50 | Create | Villager (Male) |
| 21:51 | Create | Villager (Male) |
| 22:12 | Create | Villager (Male) |
| 22:13 | Create | Villager (Male) |
| 22:28 | Create | Rattan Archer |
| 22:28 | Create | Rattan Archer |
| 22:30 | Create | Villager (Male) |
| 22:30 | Create | Villager (Male) |
| 22:54 | Create | Villager (Male) |
| 23:08 | Build | Watch Tower |
| 23:09 | Create | Rattan Archer |
| 23:20 | Create | Villager (Male) |
| 23:34 | Build | House |
| 23:35 | Build | House |
| 23:39 | Research | Wheelbarrow |
| 23:51 | Build | Dock |
| 23:53 | Create | Fishing Ship |
| 24:00 | Create | Villager (Male) |
| 24:00 | Create | Villager (Male) |
| 24:06 | Build | Watch Tower |
| 24:08 | Create | Villager (Male) |
| 24:18 | Build | House |
| 24:22 | Create | Villager (Male) |
| 24:23 | Create | Villager (Male) |
| 24:30 | Create | Villager (Male) |
| 24:36 | Research | Bow Saw |
| 24:49 | Create | Rattan Archer |
| 24:49 | Create | Rattan Archer |
| 24:59 | Create | Villager (Male) |
| 25:24 | Create | Villager (Male) |
| 25:26 | Create | Rattan Archer |
| 25:27 | Create | Rattan Archer |
| 25:32 | Create | Rattan Archer |
| 25:33 | Create | Rattan Archer |
| 25:44 | Create | Villager (Male) |
| 25:55 | Build | Town Center |
| 25:59 | Create | Rattan Archer |
| 25:59 | Create | Rattan Archer |
| 26:06 | Create | Rattan Archer |
| 26:10 | Build | Gate |
| 26:27 | Create | Villager (Male) |
| 26:32 | Create | Rattan Archer |
| 26:37 | Create | Villager (Male) |
Build order — |FMG| TINCHO
First 150 of 381 actions detected
| 0:22 | Build | Town Center |
| 0:49 | Build | Dock |
| 2:40 | Create | Villager (Male) |
| 2:40 | Create | Villager (Male) |
| 2:41 | Create | Villager (Male) |
| 2:44 | Create | Villager (Male) |
| 2:44 | Create | Villager (Male) |
| 3:24 | Create | Fishing Ship |
| 3:31 | Create | Villager (Male) |
| 3:59 | Build | House |
| 4:39 | Research | Loom |
| 4:40 | Research | Loom |
| 4:46 | Create | Fishing Ship |
| 4:56 | Create | Villager (Male) |
| 5:35 | Create | Villager (Male) |
| 5:35 | Create | Villager (Male) |
| 5:44 | Create | Villager (Male) |
| 5:46 | Build | House |
| 6:02 | Create | Fishing Ship |
| 6:28 | Create | Villager (Male) |
| 6:40 | Create | Fishing Ship |
| 6:41 | Create | Fishing Ship |
| 6:57 | Create | Villager (Male) |
| 7:04 | Create | Fishing Ship |
| 7:07 | Create | Villager (Male) |
| 7:07 | Create | Villager (Male) |
| 7:26 | Build | House |
| 7:41 | Create | Villager (Male) |
| 8:01 | Create | Villager (Male) |
| 8:11 | Create | Fishing Ship |
| 8:29 | Create | Villager (Male) |
| 8:44 | Create | Villager (Male) |
| 8:47 | Build | House |
| 8:50 | Create | Fishing Ship |
| 8:53 | Create | Villager (Male) |
| 9:45 | Create | Villager (Male) |
| 10:07 | Create | Villager (Male) |
| 10:12 | Create | Fishing Ship |
| 10:23 | Build | Mining Camp |
| 10:28 | Create | Villager (Male) |
| 10:35 | Build | House |
| 10:57 | Research | Feudal Age |
| 11:00 | Build | Palisade Wall |
| 11:12 | Build | Mill |
| 11:52 | Create | Fishing Ship |
| 12:56 | Create | Villager (Male) |
| 12:56 | Create | Villager (Male) |
| 13:17 | Age | Feudal Age |
| 13:19 | Build | Market |
| 13:20 | Build | Blacksmith |
| 13:36 | Build | Lumber Camp |
| 13:50 | Build | House |
| 14:01 | Build | Dock |
| 14:11 | Research | Castle Age |
| 14:11 | Research | Castle Age |
| 14:29 | Research | Tech 906 |
| 14:38 | Build | House |
| 14:47 | Research | Double-Bit Axe |
| 15:33 | Build | House |
| 15:57 | Create | Villager (Male) |
| 16:33 | Build | Outpost |
| 16:37 | Research | Town Watch |
| 16:48 | Build | House |
| 16:51 | Age | Castle Age |
| 16:52 | Build | Castle |
| 16:57 | Create | Villager (Male) |
| 16:59 | Research | Bow Saw |
| 17:11 | Build | Stone Wall |
| 17:17 | Create | Villager (Male) |
| 17:20 | Research | Gillnets |
| 17:24 | Create | Villager (Male) |
| 17:26 | Build | Monastery |
| 17:32 | Create | Villager (Male) |
| 17:49 | Create | Hussite Wagon |
| 17:53 | Create | Hussite Wagon |
| 18:12 | Build | Lumber Camp |
| 18:18 | Create | Monk |
| 18:20 | Create | Villager (Male) |
| 18:24 | Build | Mining Camp |
| 19:24 | Create | Hussite Wagon |
| 19:40 | Create | Hussite Wagon |
| 19:42 | Create | Hussite Wagon |
| 19:51 | Create | Villager (Male) |
| 19:55 | Create | Monk |
| 20:04 | Build | Monastery |
| 20:05 | Create | Hussite Wagon |
| 20:12 | Create | Villager (Male) |
| 20:35 | Build | Monastery |
| 20:54 | Create | Villager (Male) |
| 20:56 | Build | House |
| 21:01 | Research | Fervor |
| 21:20 | Create | Hussite Wagon |
| 21:31 | Research | Sanctity |
| 21:32 | Create | Monk |
| 21:43 | Build | Outpost |
| 21:44 | Create | Villager (Male) |
| 21:47 | Build | Monastery |
| 21:48 | Create | Monk |
| 21:49 | Create | Monk |
| 21:53 | Create | Villager (Male) |
| 22:02 | Create | Hussite Wagon |
| 22:24 | Build | House |
| 22:27 | Create | Villager (Male) |
| 22:28 | Create | Monk |
| 22:41 | Create | Hussite Wagon |
| 22:55 | Create | Monk |
| 23:03 | Build | Town Center |
| 23:17 | Create | Villager (Male) |
| 23:18 | Create | Villager (Male) |
| 23:19 | Create | Villager (Male) |
| 23:19 | Create | Villager (Male) |
| 23:23 | Create | Villager (Male) |
| 23:34 | Create | Villager (Male) |
| 23:42 | Build | Town Center |
| 23:59 | Create | Villager (Male) |
| 24:02 | Research | Horse Collar |
| 24:08 | Create | Hussite Wagon |
| 24:09 | Create | Monk |
| 24:09 | Create | Monk |
| 24:22 | Research | Redemption |
| 25:00 | Create | Villager (Male) |
| 25:06 | Create | Villager (Male) |
| 25:12 | Create | Monk |
| 25:13 | Create | Hussite Wagon |
| 25:18 | Build | Farm |
| 25:18 | Build | Farm |
| 25:19 | Build | Farm |
| 25:19 | Build | Farm |
| 25:19 | Build | Farm |
| 25:20 | Create | Villager (Male) |
| 25:27 | Build | House |
| 25:28 | Create | Villager (Male) |
| 25:34 | Create | Villager (Male) |
| 25:37 | Create | Villager (Male) |
| 25:44 | Create | Villager (Male) |
| 25:47 | Build | Farm |
| 25:51 | Create | Monk |
| 26:03 | Create | Villager (Male) |
| 26:27 | Create | Villager (Male) |
| 26:52 | Create | Villager (Male) |
| 27:11 | Create | Villager (Male) |
| 27:20 | Create | Villager (Male) |
| 27:38 | Build | Outpost |
| 27:39 | Create | Villager (Male) |
| 27:42 | Create | Villager (Male) |
| 27:45 | Build | Farm |
| 27:45 | Build | Farm |
| 27:45 | Build | Farm |
| 27:46 | Build | Farm |
| 27:50 | Create | Hussite Wagon |
Build order — TGT | Sera
108 actions detected in the replay
| 0:01 | Build | House |
| 0:35 | Build | Dock |
| 0:40 | Build | Town Center |
| 3:04 | Create | Villager (Male) ×4 |
| 3:10 | Create | Villager (Male) |
| 4:00 | Create | Fishing Ship |
| 4:26 | Build | House |
| 5:02 | Create | Villager (Male) |
| 5:21 | Create | Fishing Ship |
| 5:36 | Create | Villager (Male) |
| 6:03 | Create | Villager (Male) |
| 6:10 | Create | Fishing Ship |
| 6:13 | Build | House |
| 6:26 | Create | Villager (Male) |
| 6:48 | Create | Villager (Male) |
| 6:48 | Create | Villager (Male) |
| 7:05 | Create | Fishing Ship |
| 7:12 | Create | Villager (Male) |
| 7:20 | Build | House |
| 7:29 | Create | Villager (Male) |
| 7:48 | Build | House |
| 7:58 | Build | House |
| 8:02 | Create | Villager (Male) |
| 8:03 | Create | Villager (Male) |
| 8:09 | Create | Villager (Male) |
| 8:14 | Build | House |
| 8:44 | Create | Villager (Male) |
| 8:45 | Create | Villager (Male) |
| 8:58 | Build | House |
| 9:09 | Create | Fishing Ship |
| 9:31 | Build | Mill |
| 10:22 | Research | Loom |
| 10:23 | Research | Loom |
| 10:31 | Research | Feudal Age |
| 11:06 | Build | Dock |
| 11:27 | Create | Fishing Ship |
| 11:57 | Create | Villager (Male) |
| 12:43 | Create | Villager (Male) |
| 12:57 | Age | Feudal Age |
| 13:01 | Build | Market |
| 13:05 | Build | Blacksmith |
| 13:18 | Build | Mining Camp |
| 14:42 | Research | Castle Age |
| 14:42 | Research | Castle Age |
| 14:49 | Build | Outpost |
| 15:07 | Build | Palisade Wall |
| 15:21 | Build | Outpost |
| 15:25 | Research | Town Watch |
| 15:34 | Build | Outpost |
| 16:35 | Build | House |
| 17:22 | Age | Castle Age |
| 17:27 | Build | Castle |
| 17:33 | Create | Villager (Male) |
| 17:35 | Build | Palisade Wall |
| 17:37 | Build | Palisade Gate |
| 18:10 | Build | Mill |
| 18:14 | Create | Mameluke ×2 |
| 18:30 | Create | Villager (Male) |
| 18:49 | Create | Villager (Male) |
| 19:23 | Create | Villager (Male) |
| 19:49 | Create | Villager (Male) |
| 19:52 | Create | Villager (Male) |
| 20:28 | Create | Mameluke |
| 20:28 | Create | Mameluke |
| 20:30 | Create | Villager (Male) |
| 21:16 | Build | Palisade Wall |
| 21:25 | Create | Villager (Male) |
| 21:29 | Create | Mameluke |
| 21:43 | Build | Lumber Camp |
| 21:44 | Create | Villager (Male) |
| 21:52 | Create | Mameluke |
| 23:15 | Create | Villager (Male) |
| 23:18 | Create | Villager (Male) |
| 23:19 | Create | Villager (Male) |
| 23:41 | Build | Siege Workshop |
| 24:14 | Create | Mangonel |
| 24:33 | Create | Mameluke |
| 24:33 | Create | Mameluke |
| 25:00 | Create | Mameluke |
| 25:20 | Create | Mangonel |
| 26:26 | Create | Mangonel |
| 26:44 | Create | Villager (Male) |
| 27:18 | Create | Villager (Male) |
| 27:18 | Create | Villager (Male) |
| 28:11 | Create | Mameluke ×2 |
| 30:03 | Build | Lumber Camp |
| 30:10 | Create | Villager (Male) |
| 30:10 | Create | Villager (Male) |
| 31:00 | Create | Villager (Male) |
| 33:26 | Build | Town Center |
| 36:55 | Build | Town Center |
| 37:56 | Build | Palisade Wall |
| 37:58 | Build | Palisade Wall |
| 38:01 | Build | Palisade Wall |
| 38:03 | Build | Palisade Wall |
| 38:28 | Build | Market |
| 39:28 | Build | Town Center |
| 41:58 | Create | Villager (Male) |
| 43:35 | Build | Farm |
| 43:37 | Create | Villager (Male) |
| 44:22 | Build | Farm |
| 44:47 | Create | Villager (Male) |
| 45:02 | Create | Villager (Male) |
| 45:52 | Create | Villager (Male) |
| 46:13 | Build | House |
| 46:52 | Build | Farm |
| 46:56 | Create | Villager (Male) |
| 46:56 | Create | Villager (Male) |
Build order — TGT | Trosqui
First 150 of 596 actions detected
| 0:28 | Build | Town Center |
| 1:44 | Build | Dock |
| 1:46 | Build | House |
| 2:49 | Create | Villager (Male) |
| 2:49 | Create | Villager (Male) |
| 2:50 | Create | Villager (Male) |
| 2:50 | Create | Villager (Male) |
| 4:02 | Create | Fishing Ship |
| 4:20 | Build | House |
| 4:26 | Research | Loom |
| 4:55 | Create | Villager (Male) |
| 5:18 | Create | Fishing Ship |
| 5:36 | Create | Villager (Male) |
| 5:57 | Create | Fishing Ship |
| 6:10 | Create | Villager (Male) |
| 6:19 | Build | House |
| 6:48 | Create | Villager (Male) |
| 7:05 | Create | Fishing Ship |
| 7:06 | Create | Fishing Ship |
| 7:11 | Build | House |
| 7:19 | Create | Villager (Male) |
| 7:23 | Create | Fishing Ship |
| 7:27 | Create | Villager (Male) |
| 7:35 | Build | House |
| 7:49 | Create | Villager (Male) |
| 7:59 | Create | Fishing Ship |
| 7:59 | Create | Fishing Ship |
| 8:02 | Build | House |
| 8:06 | Create | Villager (Male) |
| 8:34 | Create | Fishing Ship |
| 8:44 | Create | Villager (Male) |
| 9:14 | Create | Villager (Male) |
| 9:30 | Create | Villager (Male) |
| 9:37 | Build | Mill |
| 9:44 | Create | Villager (Male) |
| 10:04 | Build | Dock |
| 10:07 | Create | Villager (Male) |
| 10:26 | Build | House |
| 11:05 | Build | Palisade Wall |
| 11:11 | Create | Villager (Male) |
| 11:15 | Build | House |
| 11:37 | Research | Feudal Age |
| 12:13 | Create | Villager (Male) |
| 12:37 | Build | Barracks |
| 13:47 | Age | Feudal Age |
| 13:49 | Build | Stable |
| 13:54 | Research | Double-Bit Axe |
| 13:58 | Create | Villager (Male) |
| 14:21 | Create | Villager (Male) |
| 14:21 | Create | Villager (Male) |
| 14:40 | Create | Scout Cavalry |
| 14:40 | Create | Scout Cavalry |
| 14:44 | Create | Villager (Male) |
| 14:54 | Research | Tech 906 |
| 14:55 | Create | Villager (Male) |
| 15:11 | Create | Villager (Male) |
| 15:21 | Create | Scout Cavalry |
| 15:23 | Create | Villager (Male) |
| 15:35 | Create | Villager (Male) |
| 15:41 | Build | House |
| 15:42 | Build | House |
| 15:44 | Research | Wheelbarrow |
| 15:54 | Create | Scout Cavalry |
| 16:30 | Create | Villager (Male) |
| 17:12 | Build | Market |
| 17:16 | Build | Blacksmith |
| 17:48 | Create | Villager (Male) |
| 17:50 | Create | Villager (Male) |
| 17:52 | Build | House |
| 18:00 | Research | Castle Age |
| 18:13 | Create | Villager (Male) |
| 18:37 | Build | House |
| 19:22 | Build | House |
| 19:28 | Create | Villager (Male) |
| 19:32 | Build | House |
| 19:53 | Research | Horse Collar |
| 20:11 | Build | Dock |
| 20:40 | Age | Castle Age |
| 20:44 | Build | Town Center |
| 20:46 | Create | Villager (Male) |
| 21:06 | Research | Bow Saw |
| 21:12 | Create | Villager (Male) |
| 21:33 | Build | Town Center |
| 21:39 | Create | Fishing Ship |
| 21:40 | Create | Villager (Male) |
| 21:44 | Research | Heavy Plow |
| 21:48 | Create | Villager (Male) |
| 21:48 | Create | Villager (Male) |
| 21:53 | Create | Villager (Male) |
| 21:55 | Build | House |
| 21:56 | Build | House |
| 21:57 | Build | House |
| 21:58 | Create | Villager (Male) |
| 21:59 | Create | Villager (Male) |
| 22:31 | Create | Villager (Male) |
| 22:31 | Create | Villager (Male) |
| 22:33 | Create | Villager (Male) |
| 22:38 | Create | Fishing Ship |
| 22:45 | Build | Farm |
| 22:45 | Build | Farm |
| 22:45 | Build | Farm |
| 22:46 | Build | Farm |
| 22:46 | Build | Farm |
| 22:46 | Build | Farm |
| 22:46 | Build | Farm |
| 22:47 | Build | Farm |
| 22:50 | Create | Villager (Male) |
| 22:50 | Create | Villager (Male) |
| 23:07 | Create | Villager (Male) |
| 23:21 | Create | Villager (Male) |
| 23:21 | Create | Villager (Male) |
| 23:24 | Build | Farm |
| 23:25 | Create | Villager (Male) |
| 23:25 | Create | Villager (Male) |
| 23:36 | Build | Gate |
| 23:37 | Create | Villager (Male) |
| 23:45 | Build | Farm |
| 23:46 | Create | Villager (Male) |
| 23:46 | Create | Villager (Male) |
| 23:50 | Build | Farm |
| 23:51 | Build | Farm |
| 23:51 | Build | Farm |
| 23:51 | Build | Farm |
| 23:51 | Build | Farm |
| 23:51 | Build | Farm |
| 23:53 | Create | Villager (Male) |
| 23:53 | Create | Villager (Male) |
| 24:04 | Build | Stone Wall |
| 24:09 | Create | Villager (Male) |
| 24:09 | Create | Villager (Male) |
| 24:25 | Create | Villager (Male) |
| 24:25 | Create | Villager (Male) |
| 25:09 | Create | Villager (Male) |
| 25:09 | Create | Villager (Male) |
| 25:10 | Create | Villager (Male) |
| 25:14 | Build | Dock |
| 25:18 | Create | Villager (Male) |
| 25:19 | Create | Villager (Male) |
| 25:19 | Create | Villager (Male) |
| 25:22 | Build | Town Center |
| 25:24 | Create | Villager (Male) |
| 25:28 | Create | Villager (Male) |
| 25:28 | Create | Villager (Male) |
| 25:28 | Create | Villager (Male) |
| 25:29 | Create | Villager (Male) |
| 25:31 | Create | Villager (Male) |
| 25:31 | Create | Villager (Male) |
| 25:43 | Build | Stone Wall |
| 25:46 | Build | Gate |
| 25:47 | Create | Villager (Male) |
Build order — |FMG| Nadie
First 150 of 432 actions detected
| 0:18 | Build | Town Center |
| 1:31 | Build | Dock |
| 2:33 | Create | Villager (Male) |
| 2:33 | Create | Villager (Male) |
| 2:33 | Create | Villager (Male) |
| 2:34 | Create | Villager (Male) |
| 2:34 | Create | Villager (Male) |
| 3:28 | Create | Fishing Ship |
| 4:05 | Create | Villager (Male) |
| 4:23 | Build | House |
| 4:42 | Create | Villager (Male) |
| 5:12 | Create | Villager (Male) |
| 5:24 | Create | Villager (Male) |
| 5:38 | Create | Fishing Ship |
| 5:38 | Create | Fishing Ship |
| 5:58 | Build | House |
| 6:14 | Create | Villager (Male) |
| 6:14 | Create | Villager (Male) |
| 6:24 | Build | House |
| 6:35 | Create | Villager (Male) |
| 6:57 | Create | Fishing Ship |
| 7:00 | Research | Loom |
| 7:04 | Build | House |
| 7:42 | Create | Villager (Male) |
| 7:53 | Create | Villager (Male) |
| 8:21 | Create | Villager (Male) |
| 8:29 | Create | Fishing Ship |
| 8:31 | Build | House |
| 9:00 | Create | Villager (Male) |
| 9:27 | Build | Mining Camp |
| 9:37 | Create | Villager (Male) |
| 9:53 | Create | Villager (Male) |
| 10:06 | Research | Feudal Age |
| 10:12 | Build | Palisade Wall |
| 10:14 | Build | Palisade Wall |
| 10:29 | Create | Villager (Male) |
| 10:34 | Build | House |
| 10:45 | Create | Fishing Ship |
| 11:33 | Build | Mill |
| 11:40 | Create | Villager (Male) |
| 11:58 | Create | Fishing Ship |
| 12:37 | Age | Feudal Age |
| 12:39 | Build | Market |
| 12:43 | Create | Villager (Male) |
| 12:48 | Build | Blacksmith |
| 13:10 | Create | Fishing Ship |
| 13:41 | Build | House |
| 14:08 | Research | Castle Age |
| 14:13 | Build | Mining Camp |
| 14:35 | Build | Dock |
| 14:48 | Build | Outpost |
| 14:52 | Create | Villager (Male) |
| 15:26 | Research | Tech 906 |
| 15:28 | Build | House |
| 15:54 | Build | Outpost |
| 16:45 | Create | Villager (Male) |
| 16:48 | Age | Castle Age |
| 17:01 | Build | Castle |
| 17:06 | Create | Villager (Male) |
| 17:12 | Research | Scale Mail Armor |
| 17:18 | Create | Villager (Male) |
| 17:27 | Build | House |
| 17:30 | Build | House |
| 17:33 | Build | House |
| 17:35 | Create | Villager (Male) |
| 17:46 | Build | House |
| 17:48 | Build | House |
| 17:56 | Build | House |
| 18:23 | Create | Urumi Swordsman |
| 18:24 | Create | Urumi Swordsman |
| 18:33 | Create | Urumi Swordsman |
| 18:34 | Create | Urumi Swordsman |
| 18:59 | Build | Palisade Wall |
| 19:01 | Create | Villager (Male) |
| 19:12 | Create | Villager (Male) |
| 19:28 | Create | Villager (Male) |
| 19:31 | Create | Fishing Ship |
| 19:31 | Create | Fishing Ship |
| 19:33 | Create | Fishing Ship |
| 19:33 | Create | Fishing Ship |
| 19:38 | Build | Dock |
| 19:48 | Research | Wheelbarrow |
| 20:31 | Create | Villager (Male) |
| 20:45 | Build | Town Center |
| 20:54 | Create | Villager (Male) |
| 21:28 | Build | Palisade Wall |
| 21:49 | Create | Villager (Male) |
| 21:49 | Create | Villager (Male) |
| 21:53 | Create | Villager (Male) |
| 22:06 | Build | Palisade Wall |
| 22:35 | Build | Mining Camp |
| 22:40 | Create | Villager (Male) |
| 22:41 | Create | Villager (Male) |
| 22:47 | Build | Stone Wall |
| 22:51 | Create | Villager (Male) |
| 22:55 | Create | Urumi Swordsman |
| 23:28 | Build | Dock |
| 23:50 | Build | Lumber Camp |
| 23:57 | Create | Villager (Male) |
| 24:02 | Create | Villager (Male) |
| 24:35 | Create | Villager (Male) |
| 24:52 | Create | Villager (Male) |
| 25:53 | Build | Town Center |
| 26:05 | Build | Watch Tower |
| 26:12 | Research | Fletching |
| 26:14 | Create | Urumi Swordsman |
| 26:15 | Create | Villager (Male) |
| 26:16 | Create | Villager (Male) |
| 26:25 | Create | Villager (Male) |
| 27:09 | Build | Stone Wall |
| 27:13 | Create | Villager (Male) |
| 27:22 | Build | Mining Camp |
| 27:31 | Create | Villager (Male) |
| 27:31 | Create | Villager (Male) |
| 27:35 | Create | Villager (Male) |
| 27:38 | Build | Town Center |
| 27:45 | Create | Villager (Male) |
| 27:56 | Create | Villager (Male) |
| 28:02 | Create | Urumi Swordsman |
| 28:04 | Create | Urumi Swordsman |
| 28:08 | Build | Siege Workshop |
| 28:14 | Build | Stone Wall |
| 28:16 | Create | Villager (Male) |
| 28:21 | Create | Villager (Male) |
| 28:24 | Build | Outpost |
| 28:51 | Create | Urumi Swordsman |
| 28:57 | Create | Armored Elephant |
| 28:57 | Create | Armored Elephant |
| 28:58 | Create | Villager (Male) |
| 29:01 | Build | Outpost |
| 29:03 | Create | Villager (Male) |
| 29:04 | Create | Villager (Male) |
| 29:15 | Create | Villager (Male) |
| 29:16 | Create | Villager (Male) |
| 29:25 | Build | Town Center |
| 29:29 | Create | Villager (Male) |
| 29:50 | Create | Villager (Male) |
| 29:50 | Create | Villager (Male) |
| 29:51 | Create | Villager (Male) |
| 29:55 | Create | Armored Elephant |
| 30:02 | Create | Urumi Swordsman |
| 30:02 | Create | Urumi Swordsman |
| 30:09 | Create | Villager (Male) |
| 30:20 | Create | Villager (Male) |
| 30:21 | Create | Villager (Male) |
| 30:23 | Create | Villager (Male) |
| 30:28 | Create | Villager (Male) |
| 30:38 | Create | Urumi Swordsman |
| 30:39 | Create | Armored Elephant |
| 30:41 | Create | Villager (Male) |
Build order — PSX | Renzos
First 150 of 486 actions detected
| 0:09 | Build | Town Center |
| 1:02 | Build | Dock |
| 1:03 | Build | House |
| 2:31 | Create | Villager (Male) |
| 2:31 | Create | Villager (Male) |
| 2:31 | Create | Villager (Male) |
| 2:46 | Create | Villager (Male) |
| 2:46 | Create | Villager (Male) |
| 3:34 | Create | Fishing Ship |
| 4:08 | Create | Villager (Male) |
| 4:08 | Create | Villager (Male) |
| 4:24 | Build | House |
| 4:31 | Create | Villager (Male) |
| 4:56 | Create | Villager (Male) |
| 5:23 | Create | Villager (Male) |
| 5:30 | Create | Fishing Ship |
| 5:42 | Create | Villager (Male) |
| 6:08 | Build | House |
| 6:12 | Create | Villager (Male) |
| 6:24 | Build | House |
| 6:38 | Create | Villager (Male) |
| 6:50 | Create | Villager (Male) |
| 6:55 | Create | Fishing Ship |
| 7:16 | Create | Villager (Male) |
| 7:30 | Create | Fishing Ship |
| 7:34 | Build | House |
| 7:54 | Create | Villager (Male) |
| 8:05 | Create | Villager (Male) |
| 8:11 | Build | House |
| 8:26 | Create | Villager (Male) |
| 8:36 | Create | Fishing Ship |
| 8:58 | Build | Mill |
| 9:05 | Create | Villager (Male) |
| 9:29 | Create | Villager (Male) |
| 9:30 | Create | Fishing Ship |
| 9:34 | Build | House |
| 9:39 | Build | House |
| 9:51 | Create | Villager (Male) |
| 9:58 | Build | House |
| 10:15 | Create | Fishing Ship |
| 10:23 | Create | Villager (Male) |
| 10:43 | Create | Villager (Male) |
| 11:11 | Create | Villager (Male) |
| 11:19 | Build | House |
| 11:25 | Create | Villager (Male) |
| 11:31 | Build | House |
| 11:42 | Build | Lumber Camp |
| 11:48 | Build | House |
| 12:11 | Research | Feudal Age |
| 13:04 | Build | Dock |
| 13:51 | Create | Villager (Male) |
| 13:52 | Create | Villager (Male) |
| 13:57 | Build | Farm |
| 13:59 | Build | Farm |
| 14:00 | Build | Farm |
| 14:01 | Build | Farm |
| 14:22 | Age | Feudal Age |
| 14:24 | Build | Market |
| 14:25 | Build | Blacksmith |
| 14:37 | Research | Horse Collar |
| 14:37 | Research | Double-Bit Axe |
| 14:58 | Build | House |
| 15:05 | Research | Loom |
| 15:28 | Create | Galley |
| 15:29 | Create | Galley |
| 15:37 | Build | Farm |
| 15:42 | Create | Villager (Male) |
| 15:49 | Build | Farm |
| 15:53 | Build | Farm |
| 16:17 | Research | Castle Age |
| 16:48 | Build | House |
| 16:48 | Build | House |
| 17:00 | Research | Fletching |
| 17:00 | Research | Fletching |
| 17:25 | Create | Villager (Male) |
| 17:49 | Build | Farm |
| 17:54 | Create | Galley |
| 17:54 | Create | Galley |
| 18:00 | Build | Mining Camp |
| 18:07 | Build | House |
| 18:20 | Research | Gold Mining |
| 18:20 | Research | Gold Mining |
| 18:48 | Create | Galley |
| 18:48 | Create | Galley |
| 18:57 | Age | Castle Age |
| 18:59 | Build | Dock |
| 19:01 | Research | War Galley (upgrade) |
| 19:12 | Research | Bodkin Arrow |
| 19:18 | Create | Villager (Male) |
| 19:19 | Create | Villager (Male) |
| 19:28 | Create | Villager (Male) |
| 19:36 | Create | Villager (Male) |
| 19:46 | Create | Galley |
| 19:46 | Create | Galley |
| 19:46 | Create | Galley |
| 19:53 | Research | Bow Saw |
| 19:53 | Research | Bow Saw |
| 19:54 | Create | Villager (Male) |
| 19:59 | Build | Town Center |
| 20:07 | Create | Galley |
| 20:08 | Create | Galley |
| 20:16 | Create | Villager (Male) |
| 20:28 | Build | House |
| 20:39 | Create | Galley |
| 20:39 | Create | Galley |
| 20:57 | Create | Galley |
| 21:00 | Build | House |
| 21:04 | Create | Villager (Male) |
| 21:04 | Create | Villager (Male) |
| 21:04 | Create | Villager (Male) |
| 21:35 | Create | Villager (Male) |
| 21:36 | Create | Villager (Male) |
| 21:36 | Create | Villager (Male) |
| 21:40 | Create | Villager (Male) |
| 21:48 | Create | Galley |
| 21:48 | Create | Galley |
| 21:49 | Create | Galley |
| 21:49 | Create | Galley |
| 22:03 | Create | Villager (Male) |
| 22:47 | Create | Villager (Male) |
| 22:47 | Create | Villager (Male) |
| 22:49 | Create | Villager (Male) |
| 22:53 | Build | Town Center |
| 23:27 | Create | Villager (Male) |
| 23:27 | Create | Villager (Male) |
| 23:38 | Create | Villager (Male) |
| 23:38 | Create | Villager (Male) |
| 23:38 | Create | Villager (Male) |
| 23:43 | Create | Villager (Male) |
| 23:52 | Create | Galley |
| 23:52 | Create | Galley |
| 23:53 | Create | Galley |
| 23:53 | Create | Galley |
| 24:09 | Create | Villager (Male) |
| 24:16 | Create | Unit 2626 |
| 24:16 | Create | Unit 2626 |
| 24:16 | Create | Unit 2626 |
| 24:16 | Create | Unit 2626 |
| 24:16 | Create | Unit 2626 |
| 24:19 | Create | Villager (Male) |
| 24:28 | Build | House |
| 24:29 | Build | House |
| 24:37 | Create | Villager (Male) |
| 24:48 | Build | House |
| 25:07 | Create | Villager (Male) |
| 25:07 | Create | Villager (Male) |
| 25:15 | Create | Villager (Male) |
| 25:20 | Build | Mill |
| 25:21 | Build | Farm |
| 25:22 | Build | Farm |
Build order — |FMG| twitch/JabsUY
First 150 of 444 actions detected
| 0:28 | Build | Town Center |
| 0:43 | Build | Dock |
| 0:45 | Build | House |
| 2:34 | Create | Villager (Male) |
| 2:35 | Create | Villager (Male) |
| 2:35 | Create | Villager (Male) |
| 2:35 | Create | Villager (Male) |
| 3:18 | Create | Fishing Ship |
| 3:18 | Create | Fishing Ship |
| 3:19 | Create | Villager (Male) |
| 3:19 | Create | Villager (Male) |
| 4:17 | Build | House |
| 4:33 | Create | Villager (Male) |
| 4:33 | Create | Villager (Male) |
| 4:48 | Create | Villager (Male) |
| 5:10 | Create | Villager (Male) |
| 5:11 | Create | Fishing Ship |
| 5:33 | Create | Villager (Male) |
| 5:52 | Create | Villager (Male) |
| 5:58 | Build | House |
| 6:17 | Create | Villager (Male) |
| 6:17 | Create | Villager (Male) |
| 6:25 | Create | Fishing Ship |
| 6:25 | Create | Fishing Ship |
| 6:57 | Create | Villager (Male) |
| 6:57 | Create | Villager (Male) |
| 6:57 | Create | Villager (Male) |
| 7:13 | Build | House |
| 7:27 | Create | Fishing Ship |
| 7:28 | Create | Fishing Ship |
| 7:59 | Create | Fishing Ship |
| 7:59 | Create | Fishing Ship |
| 8:01 | Create | Villager (Male) |
| 8:01 | Create | Villager (Male) |
| 8:01 | Create | Villager (Male) |
| 8:05 | Build | House |
| 8:28 | Build | House |
| 8:42 | Create | Villager (Male) |
| 8:42 | Create | Villager (Male) |
| 8:42 | Create | Villager (Male) |
| 9:23 | Create | Fishing Ship |
| 9:55 | Build | Dock |
| 10:15 | Research | Loom |
| 10:27 | Build | Mill |
| 11:14 | Research | Feudal Age |
| 11:32 | Create | Fishing Ship |
| 12:23 | Build | Dock |
| 12:28 | Create | Villager (Male) |
| 12:29 | Create | Villager (Male) |
| 13:30 | Age | Feudal Age |
| 13:34 | Build | Market |
| 13:42 | Build | Blacksmith |
| 14:07 | Research | Tech 906 |
| 14:21 | Build | Palisade Wall |
| 14:31 | Research | Castle Age |
| 14:35 | Build | House |
| 15:15 | Create | Unit 2626 |
| 15:15 | Create | Unit 2626 |
| 15:26 | Create | Unit 2626 |
| 15:31 | Create | Villager (Male) |
| 16:30 | Build | Barracks |
| 16:53 | Create | Villager (Male) |
| 17:07 | Build | Palisade Wall |
| 17:11 | Age | Castle Age |
| 17:15 | Build | Palisade Wall |
| 17:16 | Build | Palisade Wall |
| 17:22 | Create | Villager (Male) |
| 17:27 | Build | House |
| 18:02 | Build | Siege Workshop |
| 18:09 | Create | Villager (Male) |
| 18:36 | Create | Battering Ram |
| 18:36 | Create | Battering Ram |
| 18:42 | Create | Villager (Male) |
| 18:42 | Create | Villager (Male) |
| 19:08 | Create | Battering Ram |
| 19:08 | Create | Battering Ram |
| 19:11 | Create | Villager (Male) |
| 19:40 | Create | Villager (Male) |
| 19:45 | Build | Lumber Camp |
| 19:56 | Create | Battering Ram |
| 19:59 | Create | Villager (Male) |
| 20:24 | Create | Villager (Male) |
| 20:24 | Create | Villager (Male) |
| 20:38 | Create | Battering Ram |
| 20:38 | Create | Battering Ram |
| 20:41 | Create | Villager (Male) |
| 20:49 | Create | Spearman |
| 21:11 | Create | Villager (Male) |
| 21:23 | Build | House |
| 21:24 | Build | House |
| 21:36 | Build | Town Center |
| 21:41 | Research | Wheelbarrow |
| 22:28 | Create | Villager (Male) |
| 22:55 | Create | Villager (Male) |
| 22:56 | Create | Villager (Male) |
| 23:07 | Build | Barracks |
| 23:08 | Build | Barracks |
| 23:22 | Build | House |
| 23:39 | Create | Villager (Male) |
| 23:39 | Create | Villager (Male) |
| 23:40 | Create | Villager (Male) |
| 23:41 | Create | Villager (Male) |
| 23:41 | Create | Villager (Male) |
| 23:46 | Research | Double-Bit Axe |
| 23:55 | Build | Monastery |
| 24:06 | Research | Man-at-Arms (upgrade) |
| 24:08 | Create | Villager (Male) |
| 24:08 | Create | Villager (Male) |
| 24:11 | Build | Mining Camp |
| 24:19 | Create | Villager (Male) |
| 24:19 | Create | Villager (Male) |
| 24:42 | Create | Battering Ram |
| 24:42 | Create | Battering Ram |
| 24:47 | Create | Militia |
| 24:47 | Create | Militia |
| 24:47 | Create | Militia |
| 24:47 | Create | Militia |
| 24:48 | Create | Militia |
| 24:48 | Create | Villager (Male) |
| 24:54 | Research | Scale Mail Armor |
| 25:00 | Create | Villager (Male) |
| 25:00 | Create | Villager (Male) |
| 25:00 | Create | Villager (Male) |
| 25:04 | Research | Gold Mining |
| 25:22 | Create | Militia |
| 25:23 | Create | Militia |
| 25:31 | Create | Villager (Male) |
| 25:49 | Build | House |
| 25:50 | Build | House |
| 25:55 | Build | House |
| 25:56 | Create | Villager (Male) |
| 25:56 | Create | Villager (Male) |
| 26:04 | Research | War Galley (upgrade) |
| 26:49 | Create | Battering Ram |
| 27:06 | Create | Monk |
| 27:06 | Create | Monk |
| 27:13 | Create | Villager (Male) |
| 27:22 | Build | Town Center |
| 27:24 | Create | Villager (Male) |
| 27:25 | Create | Villager (Male) |
| 27:41 | Create | Villager (Male) |
| 27:41 | Create | Villager (Male) |
| 27:53 | Create | Mangonel |
| 27:54 | Create | Villager (Male) |
| 27:54 | Create | Villager (Male) |
| 28:29 | Create | Fire Galley |
| 28:29 | Create | Fire Galley |
| 28:30 | Create | Fire Galley |
| 28:30 | Create | Fire Galley |
| 28:31 | Create | Villager (Male) |
Match timeline
| 0:35 | TGT | Sera · first_building Dock |
| 0:43 | |FMG| twitch/JabsUY · first_building Dock |
| 0:49 | |FMG| TINCHO · first_building Dock |
| 0:53 | FMG | Camilo · first_building Dock |
| 0:56 | TGT | Diegote22 · first_building Dock |
| 1:02 | PSX | Renzos · first_building Dock |
| 1:31 | |FMG| Nadie · first_building Dock |
| 1:44 | TGT | Trosqui · first_building Dock |
| 7:20 | TGT | Diegote22 · wall_segment Palisade Wall x9 |
| 8:40 | TGT | Diegote22 · wall_segment Palisade Wall x8 |
| 10:12 | |FMG| Nadie · wall_segment Palisade Wall x1 |
| 10:14 | |FMG| Nadie · wall_segment Palisade Wall x1 |
| 11:00 | |FMG| TINCHO · wall_segment Palisade Wall x1 |
| 11:05 | TGT | Trosqui · wall_segment Palisade Wall x1 |
| 12:37 | TGT | Trosqui · first_building Barracks |
| 12:37 | |FMG| Nadie · age_up feudal |
| 12:55 | FMG | Camilo · age_up feudal |
| 12:57 | TGT | Sera · age_up feudal |
| 13:17 | |FMG| TINCHO · age_up feudal |
| 13:30 | |FMG| twitch/JabsUY · age_up feudal |
| 13:41 | TGT | Diegote22 · age_up feudal |
| 13:43 | |FMG| Nadie · first_market_sell 100 wood |
| 13:44 | |FMG| Nadie · first_market_buy 100 food |
| 13:47 | TGT | Trosqui · age_up feudal |
| 13:49 | TGT | Trosqui · first_building Stable |
| 14:21 | |FMG| twitch/JabsUY · wall_segment Palisade Wall x8 |
| 14:22 | PSX | Renzos · age_up feudal |
| 14:40 | TGT | Diegote22 · first_market_sell 100 wood |
| 14:53 | TGT | Diegote22 · first_market_buy 100 food |
| 15:07 | TGT | Sera · wall_segment Palisade Wall x8 |
| 15:36 | TGT | Diegote22 · wall_segment Palisade Wall x1 |
| 16:30 | |FMG| twitch/JabsUY · first_building Barracks |
| 16:48 | |FMG| Nadie · age_up castle |
| 16:51 | |FMG| TINCHO · age_up castle |
| 16:52 | |FMG| TINCHO · first_building Castle |
| 17:01 | |FMG| Nadie · first_building Castle |
| 17:07 | |FMG| twitch/JabsUY · wall_segment Palisade Wall x1 |
| 17:11 | |FMG| twitch/JabsUY · age_up castle |
| 17:11 | |FMG| TINCHO · wall_segment Stone Wall x7 |
| 17:15 | |FMG| twitch/JabsUY · wall_segment Palisade Wall x1 |
| 17:16 | |FMG| twitch/JabsUY · wall_segment Palisade Wall x1 |
| 17:22 | TGT | Sera · age_up castle |
| 17:26 | |FMG| TINCHO · first_building Monastery |
| 17:27 | TGT | Sera · first_building Castle |
| 17:35 | TGT | Sera · wall_segment Palisade Wall x1 |
| 17:37 | TGT | Diegote22 · age_up castle |
| 17:46 | TGT | Diegote22 · first_building Castle |
| 18:02 | |FMG| twitch/JabsUY · first_building Siege Workshop |
| 18:10 | |FMG| TINCHO · first_market_buy 100 wood |
| 18:33 | FMG | Camilo · first_market_buy 100 food |
| 18:57 | PSX | Renzos · age_up castle |
| 18:59 | |FMG| Nadie · wall_segment Palisade Wall x10 |
| 19:07 | |FMG| twitch/JabsUY · first_market_buy 100 wood |
| 20:02 | |FMG| TINCHO · first_market_sell 100 food |
| 20:40 | TGT | Trosqui · age_up castle |
| 21:16 | TGT | Sera · wall_segment Palisade Wall x1 |
| 21:27 | FMG | Camilo · age_up castle |
| 21:28 | |FMG| Nadie · wall_segment Palisade Wall x13 |
| 22:06 | |FMG| Nadie · wall_segment Palisade Wall x1 |
| 22:47 | |FMG| Nadie · wall_segment Stone Wall x10 |
| 23:15 | FMG | Camilo · first_building Castle |
| 23:31 | TGT | Trosqui · first_market_buy 100 stone |
| 23:41 | TGT | Sera · first_building Siege Workshop |
| 23:55 | |FMG| twitch/JabsUY · first_building Monastery |
| 24:04 | TGT | Trosqui · wall_segment Stone Wall x17 |
| 24:32 | TGT | Sera · first_market_buy 100 food |
| 25:43 | TGT | Trosqui · wall_segment Stone Wall x8 |
| 26:38 | FMG | Camilo · first_building Barracks |
| 26:45 | TGT | Trosqui · first_building Monastery |
| 26:48 | |FMG| twitch/JabsUY · first_market_sell 100 wood |
| 27:09 | |FMG| Nadie · wall_segment Stone Wall x7 |
| 27:16 | TGT | Diegote22 · first_building Monastery |
| 27:26 | TGT | Diegote22 · wall_segment Stone Wall x1 |
| 27:47 | FMG | Camilo · first_building Stable |
| 28:08 | |FMG| Nadie · first_building Siege Workshop |
| 28:10 | TGT | Sera · first_market_sell 100 wood |
| 28:14 | |FMG| Nadie · wall_segment Stone Wall x4 |
| 28:28 | FMG | Camilo · first_market_sell 100 food |
| 28:31 | PSX | Renzos · first_market_buy 100 stone |
| 28:36 | PSX | Renzos · first_building Castle |
| 29:20 | PSX | Renzos · first_building Siege Workshop |
| 29:34 | TGT | Diegote22 · first_building Barracks |
| 30:52 | |FMG| twitch/JabsUY · first_building Castle |
| 31:12 | FMG | Camilo · wall_segment Palisade Wall x1 |
| 31:19 | |FMG| TINCHO · first_building Siege Workshop |
| 32:12 | FMG | Camilo · first_building Siege Workshop |
| 32:21 | TGT | Diegote22 · wall_segment Stone Wall x1 |
| 32:22 | TGT | Diegote22 · wall_segment Stone Wall x1 |
| 32:23 | TGT | Trosqui · first_building Castle |
| 32:51 | TGT | Diegote22 · wall_segment Stone Wall x1 |
| 35:04 | PSX | Renzos · first_building Barracks |
| 36:02 | |FMG| TINCHO · age_up imperial |
| 36:10 | PSX | Renzos · first_building Stable |
| 37:02 | PSX | Renzos · age_up imperial |
| 37:22 | |FMG| TINCHO · wall_segment Stone Wall x1 |
| 37:23 | |FMG| TINCHO · wall_segment Stone Wall x1 |
| 37:25 | |FMG| TINCHO · wall_segment Stone Wall x1 |
| 37:27 | |FMG| TINCHO · wall_segment Stone Wall x1 |
| 37:56 | TGT | Sera · wall_segment Palisade Wall x1 |
| 37:58 | TGT | Sera · wall_segment Palisade Wall x1 |
| 38:01 | TGT | Sera · wall_segment Palisade Wall x1 |
| 38:03 | TGT | Sera · wall_segment Palisade Wall x1 |
| 38:29 | |FMG| Nadie · wall_segment Stone Wall x8 |
| 38:34 | |FMG| Nadie · wall_segment Stone Wall x10 |
| 38:47 | TGT | Trosqui · tribute_sent a jugador 1 |
| 38:47 | TGT | Trosqui · tribute_sent a jugador 2 |
| 38:47 | TGT | Trosqui · tribute_sent a jugador 3 |
| 38:47 | TGT | Trosqui · tribute_sent a jugador 4 |
| 38:47 | TGT | Trosqui · tribute_sent a jugador 6 |
| 38:47 | TGT | Trosqui · tribute_sent a jugador 7 |
| 38:47 | TGT | Trosqui · tribute_sent a jugador 8 |
| 39:08 | TGT | Trosqui · first_market_sell 100 wood |
| 39:36 | FMG | Camilo · age_up imperial |
| 39:38 | |FMG| Nadie · wall_segment Stone Wall x9 |
| 39:48 | |FMG| Nadie · first_building Barracks |
| 39:58 | |FMG| Nadie · wall_segment Stone Wall x7 |
| 40:03 | |FMG| Nadie · wall_segment Stone Wall x10 |
| 40:22 | |FMG| Nadie · wall_segment Stone Wall x8 |
| 40:47 | TGT | Trosqui · first_building Archery Range |
| 41:35 | |FMG| Nadie · wall_segment Stone Wall x4 |
| 41:37 | |FMG| Nadie · wall_segment Stone Wall x4 |
| 41:39 | PSX | Renzos · first_building Monastery |
| 41:47 | PSX | Renzos · first_market_sell 100 wood |
| 42:07 | |FMG| Nadie · age_up imperial |
| 42:20 | TGT | Trosqui · age_up imperial |
| 43:19 | |FMG| twitch/JabsUY · age_up imperial |
| 44:36 | |FMG| twitch/JabsUY · wall_segment Palisade Wall x1 |
| 45:36 | PSX | Renzos · first_building Archery Range |
| 47:00 | PSX | Renzos · resign |
[ AI ANALYSIS · 1 CREDIT ]
What really happened in this match?
Wolo.gg analyzes every decision: build order, eco, micro, common mistakes by bracket. Personalized analysis on WhatsApp or Discord in 30 seconds.
Civ guide
Wei
Perfil
Jugador #1780624